 Dungeon Crawl Stone Soup version 0.31-a0-229-g1fc7ce93e2 (webtiles) character file.

Game seed: 3527327158818932968

522 qw the Shooter (level 7, 0/44 HPs)
             Began as a Gargoyle Hexslinger on July 6, 2023.
             Was an Initiate of Okawaru.
             Slain by an orc
             ... wielding a +0 trident
              (3 damage)
             ... on level 4 of the Dungeon.
             The game lasted 00:01:10 (2456 turns).

qw the Shooter (Gargoyle Hexslinger)                Turns: 2456, Time: 00:01:11

Health: 0/44       AC: 14    Str: 12    XL:     7   Next: 22%
Magic:  8/8        EV: 10    Int: 13    God:    Okawaru [......]
Gold:   73         SH:  0    Dex: 14    Spells: 7/8 levels left

rFire   . . .        Y - +1 sling
rCold   . . .        (no shield)
rNeg    + . .        j - +0 ring mail
rPois   inf          k - +2 helmet
rElec   +            (no cloak)
rCorr   .            (no gloves)
SInv    .            c - +0 pair of boots
Will    .....        (no amulet)
Stlth   +            (no ring)
HPRegen 0.27/turn    (no ring)
MPRegen 0.11/turn

%: no passive effects
@: no status effects
A: sickness immunity, AC +4, negative energy resistance 1, electricity
resistance, torment resistance 1, petrification resistance
a: Renounce Religion


You were on level 4 of the Dungeon.
You worshipped Okawaru.
Okawaru was noncommittal.
You visited 1 branch of the dungeon, and saw 4 of its levels.

You collected 73 gold pieces.


Innate Abilities, Weirdness & Mutations

You are immune to sickness and miasma.
Your stone body is resilient. (AC +4)
You are immune to poison.
You resist negative energy. (rN+)
You are resistant to electric shocks. (rElec)
You are resistant to unholy torment.
You are immune to petrification.


   Skills:
 - Level 5.1 Fighting
 + Level 5.9 Ranged Weapons
 - Level 1.1 Armour
 - Level 1.5 Dodging
 - Level 1.0 Spellcasting
 - Level 2.6 Hexes


You had 7 spell levels left.
You knew the following spells:

 Your Spells              Type           Power      Damage    Failure   Level
a - Slow                  Hex            28%        N/A       22%         1

Your spell library contained the following spells:

 Spells                   Type           Power      Damage    Failure   Level
 Inner Flame              Hex/Fire       4%         N/A       73%         3
 Portal Projectile        Hex/Tloc       8%         N/A       73%         3
 Cause Fear               Hex            3%         N/A       91%         4

Inventory:

Hand Weapons
 Y - a +1 sling (weapon)
Armour
 c - a +0 pair of boots (worn)
 j - a +0 ring mail (worn)
 k - a +2 helmet (worn)
 l - a +0 pair of gloves
Jewellery
 b - a ring of protection from fire
Scrolls
 a - a scroll of identify {unknown}
Potions
 d - a potion of enlightenment {unknown}
 e - a potion of haste {unknown}
 f - a potion of lignification {unknown}
 g - a potion of mutation {unknown}
 h - a potion of attraction {unknown}

Dungeon Overview and Level Annotations

Branches:
Dungeon (4/15)
 Temple: D:4-7

Altars:
Hepliaklqana
Kikubaaqudgha
Makhleb
Okawaru


Message History

You feel much better. The orc priest closely misses you.
The orc wizard gestures at you while chanting.
The magic dart hits you. The orc closely misses you.
You shoot a sling bullet. The sling bullet hits the orc priest.
The orc priest is severely wounded.
The orc priest hits you but does no damage.
The orc wizard hits you with a +0 dagger.
The orc hits you but does no damage. The orc misses you.
The orc wizard hits you with a +0 dagger.
The orc priest hits you with a +0 mace.
You shoot a sling bullet.
The sling bullet completely misses the orc priest.
The orc priest hits you with a +0 mace.
The orc wizard hits you but does no damage.
The orc hits you from afar with a +0 trident.
You shoot a sling bullet. The sling bullet hits the orc priest.
You kill the orc priest!
Okawaru accepts your kill. The orc barely misses you.
The orc wizard completely misses you.
You shoot a sling bullet.
The sling bullet barely misses the orc wizard.
The orc hits you from afar with a +0 trident.
The orc wizard hits you but does no damage.
You shoot a sling bullet.
The sling bullet barely misses the orc wizard.
The orc hits you but does no damage.
The orc wizard gestures at you while chanting.
You resist with some effort.
You shoot a sling bullet. The sling bullet hits the orc wizard.
The orc wizard is lightly wounded.
The orc hits you but does no damage.
The orc wizard hits you with a +0 dagger.
The orc wizard hits you but does no damage.
The orc closely misses you.
You shoot a sling bullet.
The sling bullet hits the orc wizard but does no damage.
The orc wizard is lightly wounded.
The orc hits you from afar with a +0 trident.
You die...

### .># #######. .# #.#
...... .o ..# #.... .#
### #...# o# # #...# .# #
#...# .#
##########...#####o##.##.
................@o.......
#...............))..#.###
..#...............[.#
#...######.#.######.#
..).# #.###.# .# ....#
#.# #.# .. ...## ## ## ##
7..# ...# #


You could see an orc wizard and an orc.

Vanquished Creatures
  Grinder (D:3)
  A black bear (D:3)
  2 orc priests (D:4)
  2 orc wizards (D:4)
  4 adders
  2 worms
  2 dart slugs
  11 orcs
  3 ball pythons
  6 bats
  6 endoplasms
  A giant cockroach (D:3)
  3 goblins
  4 hobgoblins
  5 jackals (D:3)
  3 quokkas
  2 frilled lizards
  5 kobolds
  4 rats
  A spectral hobgoblin (D:1)
68 creatures vanquished.

Notes
Turn   | Place    | Note
-------+----------+-------------------------------------------
     0 | D:1      | qw the Gargoyle Hexslinger began the quest for the Orb.
     0 | D:1      | Reached XP level 1. HP: 12/12 MP: 2/2
     0 | D:1      | 0 ||| qw: Version: 0.3-a-46-gb1f654a
     0 | D:1      | 0 ||| qw: Game counter: 1150
     0 | D:1      | 0 ||| qw: Melee chars always use a shield: true
     0 | D:1      | 0 ||| qw: God list: Okawaru
     0 | D:1      | 0 ||| qw: Allow faded altars: false
     0 | D:1      | 0 ||| qw: Do Orc after clearing Dungeon:15 true
     0 | D:1      | 0 ||| qw: Do second Lair branch before Depths: true
     0 | D:1      | 0 ||| qw: Lair rune preference: random
     0 | D:1      | 0 ||| qw: Goals: Normal
     0 | D:1      | 0 ||| PLANNING D:1-11
   188 | D:1      | Reached XP level 2. HP: 16/16 MP: 3/3
   201 | D:1      | Found a faded altar of an unknown god.
   256 | D:1      | Reached skill level 3 in Ranged Weapons
   565 | D:1      | 565 ||| UPGRADING to +0 leather armour.
   575 | D:1      | 575 ||| DROPPING +0 robe.
   576 | D:1      | 576 ||| UPGRADING to +0 ring mail.
   586 | D:1      | 586 ||| DROPPING +0 leather armour.
   587 | D:1      | 587 ||| UPGRADING to +0 helmet.
   592 | D:1      | 592 ||| READING scroll labelled RUBIFU RI ZOWEYNN.
   593 | D:1      | 593 ||| READING scroll labelled UKHLA GIUVOKA.
   598 | D:1      | 598 ||| DRINKING 2 sapphire potions.
   599 | D:1      | 599 ||| DROPPING scroll of poison.
   814 | D:2      | Reached XP level 3. HP: 21/21 MP: 4/4
   867 | D:2      | Reached skill level 1 in Armour
  1236 | D:2      | 1236 ||| DROPPING ring of magical power.
  1237 | D:2      | 1237 ||| READING scroll labelled FEHESU ZEORA.
  1238 | D:2      | 1238 ||| DRINKING 2 bubbling red potions.
  1239 | D:2      | 1239 ||| DROPPING potion of brilliance.
  1276 | D:3      | Noticed a black bear
  1289 | D:3      | 1289 ||| READING scroll of enchant armour.
  1289 | D:3      | 1289 ||| ENCHANTING +0 helmet.
  1309 | D:3      | Found an ancient bone altar of Kikubaaqudgha.
  1321 | D:3      | Killed a black bear
  1322 | D:3      | Reached XP level 4. HP: 26/26 MP: 5/5
  1322 | D:3      | Reached XP level 5. HP: 30/30 MP: 6/6
  1381 | D:3      | Found a burning altar of Makhleb.
  1474 | D:3      | Found a hazy altar of Hepliaklqana.
  1707 | D:3      | Noticed Grinder
  1715 | D:3      | Paralysed by Grinder for 4 turns
  1722 | D:3      | Paralysed by Grinder for 4 turns
  1732 | D:3      | Killed Grinder
  1733 | D:3      | Reached XP level 6. HP: 34/40 MP: 7/7
  1776 | D:3      | Identified the +6 dagger of Chaos {spect, rElec rF+ rC+
                  | Will+}
  1919 | D:3      | 1919 ||| UPGRADING to +0 pair of boots.
  1924 | D:3      | 1924 ||| READING scroll labelled ILILAL QUMI.
  1925 | D:3      | 1925 ||| READING scroll labelled BODAEZ DONISE.
  2044 | D:4      | 2044 ||| READING scroll of enchant armour.
  2044 | D:4      | 2044 ||| ENCHANTING +1 helmet.
  2110 | D:4      | Reached XP level 7. HP: 27/44 MP: 8/8
  2182 | D:4      | Found an iron altar of Okawaru.
  2183 | D:4      | 2183 ||| PLANNING OKAWARU WORSHIP
  2183 | D:4      | 2183 ||| READING scroll labelled ETUZAT EVIM.
  2189 | D:4      | 2189 ||| Stepping ~*~*~tactically~*~*~ (outnumbered).
  2191 | D:4      | 2191 ||| Stepping ~*~*~tactically~*~*~ (outnumbered).
  2291 | D:4      | Became a worshipper of Warmaster Okawaru
  2292 | D:4      | 2292 ||| PLANNING D:1-11
  2434 | D:4      | 2434 ||| Stepping ~*~*~tactically~*~*~ (outnumbered).
  2448 | D:4      | HP: 1/44 [orc priest/divine providence (14)]
  2449 | D:4      | 2449 ||| DRINKING potion of heal wounds.
  2453 | D:4      | HP: 4/44 [orc/+0 trident (6)]
  2456 | D:4      | Slain by an orc

Levels and vault maps discovered:
D:1:      elethiomel_arrival_quiet, layout_basic,
          dreamdust_ecumenical_altar_drowned_temple
D:2:      layout_basic, st_stairs_12, grunt_ministairs_12
D:3:      layout_loops_ring, mainiacjoe_overflow_concentric_impassable,
          lemuel_crystal_altar, mainiacjoe_overflow_boulevard, uniq_grinder
D:4:      layout_loops_cross, fedhas_altar_4, okawaru_trees_2,
          ebering_ghost_rock_garden

Skill      XL: |  1  2  3  4  5 |
---------------+----------------+-----
Ranged Weapons | 3 4 5 |  5.9
Fighting       | 2 5 |  5.1
Armour         | 1 |  1.1
Dodging        | |  1.5
Spellcasting   | |  1.0
Hexes          | |  2.6

Action                     |  1- 3 |  4- 6 |  7- 9 || total
---------------------------+-------+-------+-------++-------
   Fire: Sling             |   106 |   128 |    61 ||   295
    Use: Scroll            |     4 |     3 |     1 ||     8
         Potion            |     2 |       |     1 ||     3
 Armour: Robe              |     2 |       |       ||     2
         Ring mail         |    18 |    81 |    58 ||   157
  Dodge: Dodged            |    37 |    64 |    27 ||   128

Table legend:
 A = Non-vault XP
 B = Vault XP
 C = Vault XP percentage of total XP
 D = Non-vault monster count
 E = Vault monster count
 F = Vault count percentage of total count
                 A         B        C        D         E       F
            +---------+---------+-------+---------+---------+-------
      Total |     451 |     296 |  39.6 |      65 |       3 |   4.4
            +---------+---------+-------+---------+---------+-------
        D:1 |      25 |       1 |   3.8 |      15 |       1 |   6.2
        D:2 |      44 |       5 |  10.2 |      12 |       1 |   7.7
        D:3 |     189 |     290 |  60.5 |      18 |       1 |   5.3
        D:4 |     193 |       0 |   0.0 |      20 |       0 |   0.0
            +---------+---------+-------+---------+---------+-------
